 Dungeon Crawl Stone Soup version 0.29-a0-563-g64e4043184 (webtiles) character file.

Game seed: 6692787258763489278

176 frimble the Skirmisher (level 6, -5/53 HPs)
             Began as a Meteoran Fighter on June 12, 2022.
             Succumbed to a gnoll's poison
             ... on level 3 of the Dungeon.
             The game lasted 00:01:44 (1453 turns).

frimble the Skirmisher (Meteoran Fighter)           Turns: 1453, Time: 00:01:44

Health: -5/53      AC:  8    Str: 18    XL:     6   Next: 12%
Magic:  7/7        EV:  9    Int: 11    God:
Gold:   108        SH:  5    Dex: 14    Spells: 2/5 levels left

rFire   . . .      SeeInvis .   a - +0 war axe (freeze)
rCold   + . .      Faith    .   c - +0 buckler
rNeg    . . .      Spirit   .   g - +0 scale mail
rPois   .          Reflect  .   (no helmet)
rElec   .          Harm     .   h - +0 cloak
rCorr   .          Rampage  .   (no gloves)
Will    .....                   (no boots)
Stlth   ..........              (no amulet)
HPRegen 0.17/turn               (no ring)
MPRegen 0.10/turn               (no ring)

@: brilliant, lethally poisoned (-5 -> -42), glowing, invisible (but backlit and
visible)
A: sense surroundings 1, otherworldly, glowing, explore regen, hooves 1, cold
resistance 1, passive freeze
a: no special abilities


You were on level 3 of the Dungeon.
You visited 1 branch of the dungeon, and saw 3 of its levels.

You collected 108 gold pieces.

Inventory:

Hand Weapons
 a - a +0 war axe of freezing (weapon)
 b - a +0 hunting sling
Armour
 c - a +0 buckler (worn)
 g - a +0 scale mail (worn)
 h - a +0 cloak (worn)
Scrolls
 f - a scroll of torment
 k - a scroll of teleportation
 l - a scroll of amnesia {unknown}
Potions
 d - a potion of might
 i - a potion of mutation
 m - a potion of curing {unknown}
 n - a potion of heal wounds {unknown}


   Skills:
 + Level 4.4 Fighting
 + Level 4.1 Axes
 + Level 1.9 Slings
 - Level 3.6 Armour
 - Level 4.2 Shields
 + Level 1.9 Ice Magic


You had 2 spell levels left.
You knew the following spells:

 Your Spells              Type           Power      Damage    Failure   Level
a - Frozen Ramparts       Ice            12%        1d3       89%         3

Your spell library contained the following spells:

 Spells                   Type           Power      Damage    Failure   Level
 Freeze                   Ice            24%        1d5       54%         1
 Stone Arrow              Conj/Erth      0%         3d7       99%         3
 Animate Armour           Summ/Erth      0%         N/A       100%        4
 Hailstorm                Conj/Ice       3%         3d3       100%        4
 Lehudib's Crystal Spear  Conj/Erth      0%         10d2      100%        8


Dungeon Overview and Level Annotations

Branches:
Dungeon (3/15)

Altars:

Shops:
D:2 (

Annotations:
D:3 3 runed translucent doors, Pelinal's ghost, amateur DrCj


Innate Abilities, Weirdness & Mutations

You passively map a small area around you.
You are easily found by Zot.
You glow in the dark.
You regain HP and MP as you explore.
You have large cloven feet.
Your flesh is cold resistant. (rC+)
A frigid envelope surrounds you and freezes all who hurt you.


Message History

A gnoll comes into view. It is wielding a +3 spear of venom.
Your +0 war axe of freezing glows with a cold blue light!
a - a +0 war axe of freezing (weapon)
The gnoll shouts!
You hear a shout!
The gnoll hits you with a +0 halberd.
You barely miss the gnoll.
The gnoll is moderately wounded.
You block the gnoll's attack. The gnoll hits you with a +0 halberd.
You closely miss the gnoll.
The gnoll is moderately wounded.
A gnoll comes into view. It is wielding a +0 flail.
The gnoll hits you with a +0 halberd!
You slash the gnoll! You freeze the gnoll.
You kill the gnoll!
The gnoll hits you from afar with a +3 spear of venom!
You are poisoned.
You feel very sick. You block the gnoll's attack.
Things that are here:
a +0 halberd; a gnoll corpse It was a potion of brilliance.
You feel clever all of a sudden.
You feel very sick.
The gnoll hits you with a +3 spear of venom!
* * * LOW HITPOINT WARNING * * *
You are lethally poisoned!
Okay, then.
It was a potion of mutation.
You feel extremely strange.
Your feet thicken and deform.
Your skin feels very cold.
You feel resistant to cold.
* * * LOW HITPOINT WARNING * * *
You feel very sick.
The gnoll hits you with a +3 spear of venom.
* * * LOW HITPOINT WARNING * * *
You are more poisoned.
The gnoll is very cold.
The gnoll is moderately wounded.
It was a potion of invisibility.
You become transparent, but the glow from your body prevents you from becoming completely invisible.
You die...

*
###########.#.#.#.#######
* *#.......#
#.#...#........ #.......#
#.############# ,
#.......###.#.......
*#................... , ,
#........#....###### **
.........#....# *
##########....#####
.....gg@.........# **
##########'#.###.# #.#.#
#.# # #.#.# #.# # #.#.#
#.# # #.#.# #.# # #.#.#
#)# # #.#.. #.# # #.#<
#.#######


You could see 2 gnolls.

Vanquished Creatures
  A black bear (D:3)
  An iguana (D:3)
  A gnoll (D:3)
  2 adders (D:2)
  A worm (D:3)
  A dart slug (D:1)
  2 endoplasms
  4 giant cockroaches
  4 goblins
  2 hobgoblins
  2 kobolds
  A quokka (D:3)
  2 ball pythons
  4 bats
  2 frilled lizards
  2 rats
32 creatures vanquished.

Notes
Turn   | Place    | Note
-------+----------+-------------------------------------------
     0 | D:1      | frimble the Meteoran Fighter began the quest for the Orb.
     0 | D:1      | Reached XP level 1. HP: 19/19 MP: 2/2
    45 | D:1      | Reached XP level 2. HP: 12/26 MP: 3/3
   351 | D:2      | Found Afaim's Weapon Boutique.
   368 | D:2      | Reached XP level 3. HP: 32/33 MP: 4/4
   814 | D:2      | Reached XP level 4. HP: 39/40 MP: 5/5
   886 | D:3      | Learned a level 3 spell: Frozen Ramparts
   909 | D:3      | Found a runed translucent gate.
   909 | D:3      | Found a runed translucent gate.
   909 | D:3      | Found a runed translucent gate.
   910 | D:3      | Noticed Pelinal's ghost (amateur DrCj)
  1185 | D:3      | Reached skill level 1 in Slings
  1185 | D:3      | Reached skill level 1 in Ice Magic
  1332 | D:3      | Noticed a black bear
  1348 | D:3      | Killed a black bear
  1349 | D:3      | Reached XP level 5. HP: 17/47 MP: 6/6
  1349 | D:3      | Reached XP level 6. HP: 19/53 MP: 7/7
  1452 | D:3      | Gained mutation: You have large cloven feet. [potion of
                  | mutation]
  1452 | D:3      | Gained mutation: A frigid envelope surrounds you and
                  | freezes all who hurt you. [potion of mutation]
  1452 | D:3      | Gained mutation: Your flesh is cold resistant. (rC+)
                  | [potion of mutation]
  1453 | D:3      | Succumbed to a gnoll's poison

Illustrated notes

Levels and vault maps discovered:
D:1:      dpeg_arrival_pits, layout_basic, minmay_pentomino_z4
D:2:      layout_loops_ring, serial_shops, shop, kennysheep_small_spiral
D:3:      layout_basic, hellmonk_ecumenical_altar_defaced_shrine,
          ebering_ghost_rock_garden

Skill      XL: |  1  2  3  4 |
---------------+-------------+-----
Axes           | 3 4 |  4.1
Shields        | 4 |  4.2
Fighting       | 4 |  4.4
Slings         | 1 |  1.9
Ice Magic      | 1 |  1.9
Armour         | |  3.6

Action                   |  1- 3 |  4- 6 || total
-------------------------+-------+-------++-------
Melee: War axe           |    47 |    46 ||    93
 Fire: Hunting sling     |    21 |     5 ||    26
  Use: Scroll            |       |     3 ||     3
       Potion            |       |     3 ||     3
Armor: Scale mail        |    48 |    35 ||    83
Dodge: Dodged            |    21 |    19 ||    40
Block: Buckler           |    14 |    19 ||    33

Table legend: (Time is in decaauts)
 A = Elapsed time spent in this place.
 B = Non-inter-level travel time spent in this place.
 C = Inter-level travel time spent in this place.
 D = Time resting spent in this place.
 E = Time spent auto-exploring this place.
 F = Levels seen in this place.
 G = Mean time per level.
                   A        B        C        D        E       F      G
               +--------+--------+--------+--------+--------+-----+--------+
         Total |   1503 |   1395 |    108 |      0 |   1103 |   3 |  501.0 |
       Dungeon |   1503 |   1395 |    108 |      0 |   1103 |   3 |  501.0 |
               +--------+--------+--------+--------+--------+-----+--------+

Top non-repeatable levels by time:
     D:3: 590 daAuts
     D:2: 576 daAuts
     D:1: 337 daAuts
